 Dungeon Crawl Stone Soup version 0.30-a0-568-g124715a40b (webtiles) character file.

Game seed: 14843920980340529165

206 Jase the Digger (level 5, -8/28 HPs)
             Began as a Gargoyle Earth Elementalist on Dec 28, 2022.
             Killed from afar by Edmund (11 damage)
             ... with a puff of flame
             ... on level 4 of the Dungeon.
             The game lasted 00:07:10 (2411 turns).

Jase the Digger (Gargoyle Earth Elementalist)       Turns: 2411, Time: 00:07:10

Health: -8/28      AC:  6    Str: 12    XL:     5   Next: 84%
Magic:  5/8        EV: 11    Int: 17    God:
Gold:   193        SH:  0    Dex: 10    Spells: 5/8 levels left

rFire   . . .      SeeInvis .    a - +1 dagger (flame)
rCold   . . .      Faith    .    (no shield)
rNeg    + . .      Spirit   .    d - +0 robe
rPois   ∞          Reflect  .    (no helmet)
rElec   +          Harm     .    (no cloak)
rCorr   .          Rampage  .    (no gloves)
Will    .....                    (no boots)
Stlth   ++                       (no amulet)
HPRegen 0.24/turn                (no ring)
MPRegen 0.11/turn                (no ring)

@: no status effects
A: sickness immunity, AC +4, negative energy resistance 1, electricity
resistance, torment resistance 1, petrification resistance
a: no special abilities


You were on level 4 of the Dungeon.
You visited 1 branch of the dungeon, and saw 5 of its levels.

You collected 193 gold pieces.

Inventory:

Hand Weapons
 a - a +1 dagger of flaming (weapon)
 b - a +2 dagger of electrocution
Missiles
 o - 3 silver boomerangs
Armour
 d - a +0 robe (worn)
Jewellery
 c - an amulet of faith
Scrolls
 e - 4 scrolls of identify {unknown}
 g - 2 scrolls of fear {unknown}
 h - 2 scrolls of teleportation {unknown}
 i - a scroll of blinking {unknown}
 p - a scroll of butterflies {unknown}
Potions
 f - 3 potions of flight {unknown}
 j - a potion of ambrosia {unknown}
 k - 2 potions of haste {unknown}
 l - 2 potions of degeneration {unknown}
 m - a potion of mutation {unknown}
 n - 2 potions of cancellation {unknown}
 q - a potion of magic


   Skills:
 + Level 2.4 Short Blades
 - Level 1.5 Dodging
 - Level 2.1 Stealth
 - Level 2.0 Spellcasting
 + Level 2.6 Transmutations
 + Level 5.3 Earth Magic


You had 5 spell levels left.
You knew the following spells:

 Your Spells              Type           Power      Damage    Failure   Level
a - Sandblast             Erth           38%        2d10      2%          1
b - Passwall              Tmut/Erth      12%        N/A       5%          2

Your spell library contained the following spells:

 Spells                   Type           Power      Damage    Failure   Level
 Stone Arrow              Conj/Erth      20%        3d8       19%         3
 Petrify                  Tmut/Erth      15%        N/A       36%         4
 Manifold Assault         Tloc           1%         N/A       88%         4
 Dispersal                Tloc           0%         N/A       100%        6
 Disjunction              Tloc           0%         N/A       100%        8


Dungeon Overview and Level Annotations

Branches:
Dungeon (5/15)
 Temple: D:4-7

Altars:
Gozag

Shops:
D:3 =

Annotations:
D:4 Edmund, Robin


Innate Abilities, Weirdness & Mutations

You are immune to sickness and miasma.
Your stone body is resilient. (AC +4)
You are immune to poison.
You resist negative energy. (rN+)
You are resistant to electric shocks. (rElec)
You are resistant to unholy torment.
You are immune to petrification.


Message History

The white imp gestures at you. The puff of frost misses you.
The blast of sand hits the white imp.
The white imp is severely wounded.
The white imp gestures at you. The puff of frost hits you!
The blast of sand hits the white imp!
You kill the white imp!
An ogre is nearby!
There is a stone staircase leading up here.
You climb upwards.
There is a stone staircase leading down here.
You start resting.
Magic restored.
You start resting.
HP restored.
You climb downwards.
Level annotation: Robin
There is a stone staircase leading up here.
An ogre is nearby!
There is a stone staircase leading up here.
Edmund the Younger comes into view.
He is wielding a +3 flail of protection and carrying a wand of flame (28).
Edmund shouts!
Edmund zaps a wand.
The puff of flame hits you.
Edmund says, "People will remember me!
They'll remember me and die!"
Edmund zaps a wand.
The puff of flame hits you.
Edmund zaps a wand.
The puff of flame misses you.
The blast of sand hits Edmund but does no damage.
Edmund hits you with a +3 flail of protection.
The blast of sand hits Edmund but does no damage.
Edmund hits you with a +3 flail of protection.
The blast of sand hits Edmund but does no damage.
Edmund hits you with a +3 flail of protection.
Edmund hits you with a +3 flail of protection!
* * * LOW HITPOINT WARNING * * *
You hit Edmund but do no damage.
Edmund zaps a wand.
The puff of flame hits you.
* * * LOW HITPOINT WARNING * * *
You closely miss Edmund.
Edmund zaps a wand.
The puff of flame hits you!
You die...

### ####### ...
#.....# ###.##
#.###.# #.....###.#
#.#
#......##.###.#####
#....@@...........#
#########.###.###.#
....#.# #.# ##
##..#.. #.# #.
....#.#.# #.
......#.####.
...........<)
#.#.##†.####.
#.......##.


You could see Edmund.

Vanquished Creatures
  Jessica (D:3)
  An iguana (D:4)
  3 adders
  4 gnolls (D:3)
  A white imp (D:4)
  2 worms
  8 orcs
  3 bats
  9 endoplasms
  4 giant cockroaches
  13 goblins
  3 hobgoblins
  2 quokkas (D:3)
  3 ball pythons
  2 frilled lizards
  4 kobolds
  4 rats
67 creatures vanquished.

Notes
Turn   | Place    | Note
-------+----------+-------------------------------------------
     0 | D:1      | Jase the Gargoyle Earth Elementalist began the quest for
                  | the Orb.
     0 | D:1      | Reached XP level 1. HP: 10/10 MP: 3/3
    83 | D:1      | Reached skill level 1 in Transmutations
   203 | D:1      | Reached XP level 2. HP: 15/15 MP: 3/5
   279 | D:1      | Reached skill level 4 in Earth Magic
   778 | D:2      | Reached XP level 3. HP: 19/19 MP: 3/6
   833 | D:2      | Reached skill level 1 in Short Blades
   836 | D:2      | Learned a level 2 spell: Passwall
  1343 | D:3      | Reached XP level 4. HP: 24/24 MP: 3/7
  1503 | D:3      | Noticed Jessica
  1507 | D:3      | Killed Jessica
  1620 | D:3      | Found Quapn's Jewellery Shoppe.
  1821 | D:3      | Reached XP level 5. HP: 28/28 MP: 2/8
  1822 | D:3      | Reached skill level 5 in Earth Magic
  2077 | D:4      | You fall into a shaft and drop 1 floor!
  2077 | D:5      | Entered Level 5 of the Dungeon
  2077 | D:5      | Found an opulent altar of Gozag.
  2112 | D:4      | Noticed an ogre
  2134 | D:4      | Noticed Robin
  2323 | D:4      | Noticed an ogre
  2403 | D:4      | Noticed Edmund
  2411 | D:4      | Killed from afar by Edmund

Illustrated notes

Levels and vault maps discovered:
D:1:      dpeg_arrival_simpleton_b, layout_basic
D:2:      layout_basic
D:3:      layout_rooms, serial_shops, shop, minmay_vboxes, uniq_jessica
D:4:      layout_basic, nicolae_kikubaaqudgha_miasma_corner,
          grunt_qazlal_sundering, gammafunk_ghost_icy, minmay_misc_feat_chi,
          chequers_garden, minmay_close_crescents, uniq_sigmund, uniq_menkaure,
          uniq_robin, uniq_edmund
D:5:      layout_gridville, grunt_gozag_statues, minmay_temple_entry_trees,
          uniq_grinder, uniq_pikel

Skill      XL: |  1  2  3  4  5 |
---------------+----------------+-----
Transmutations | 1 2 |  2.6
Earth Magic    | 4 5 |  5.3
Short Blades   | 1 2 |  2.4
Dodging        | |  1.5
Stealth        | |  2.1
Spellcasting   | |  2.0

Action                   |  1- 3 |  4- 6 || total
-------------------------+-------+-------++-------
Melee: Dagger            |       |    24 ||    24
 Cast: Sandblast         |    39 |    59 ||    98
Armor: Robe              |       |    23 ||    23
Dodge: Dodged            |     2 |    34 ||    36

Table legend: (Time is in decaauts)
 A = Elapsed time spent in this place.
 B = Non-inter-level travel time spent in this place.
 C = Inter-level travel time spent in this place.
 D = Time resting spent in this place.
 E = Time spent auto-exploring this place.
 F = Levels seen in this place.
 G = Mean time per level.
                   A        B        C        D        E       F      G
               +--------+--------+--------+--------+--------+-----+--------+
         Total |   2473 |   2329 |    144 |    324 |   1529 |   5 |  494.6 |
       Dungeon |   2473 |   2329 |    144 |    324 |   1529 |   5 |  494.6 |
               +--------+--------+--------+--------+--------+-----+--------+

Top non-repeatable levels by time:
     D:2: 939 daAuts
     D:3: 819 daAuts
     D:1: 547 daAuts
     D:4: 133 daAuts
     D:5: 33 daAuts
